 Dungeon Crawl Stone Soup version 0.17.1-3-g152610e (webtiles) character file.

33501 sveltemanboy the Severer (level 13, -10/88 HPs)
             Began as a Demonspawn Gladiator on Apr 16, 2016.
             Was the Champion of Cheibriados.
             Mangled by a minotaur
             ... wielding a +2 mace of draining
              (12 damage)
             ... in a labyrinth on Apr 18, 2016.
             The game lasted 01:01:39 (14465 turns).

sveltemanboy the Severer (Demonspawn Gladiator)    Turns: 14465, Time: 01:01:39

Health: -10/88     AC: 13    Str: 33    XL:     13   Next: 37%
Magic:  0/20       EV: 19    Int: 26    God:    Cheibriados [******]
Gold:   240        SH:  0    Dex: 38    Spells: 1 memorised, 13 levels left

rFire  . . .     SeeInvis .     a - +2 war axe (elec)
rCold  + . .     Clarity  +     i - +2 ring mail of Raiviohu {+Inv rC+ Int-4 Dex+2}
rNeg   . . .     SustAt   .     (no shield)
rPois  .         Gourm    +     j - +2 hat of Wrong Decisions {rElec MR+++ Str-4 Int+2}
rElec  +         Spirit   +     P - +2 cloak
rCorr  .         Warding  .     (no gloves)
rMut   .         Stasis   .     (no boots)
MR     +++..                    x - amulet of the gourmand
Stlth  ++++......               d - +2 ring of evasion
                                H - +1 ring of protection

@: brilliant, agile, short of breath, heavily drained, very slow, extremely
resistant to hostile enchantments, stealthy
A: antennae 2, talons 1, thin skeletal structure 1, blink, breathe flames 1,
clarity, dopey 1, mutation resistance 1, powered by death 2, strong 1, magic
shield, magic regeneration
a: Blink, Bend Time, Temporal Distortion, Slouch, Step From Time, Renounce
Religion, Breathe Fire, Evoke Invisibility


You were in a labyrinth.
You worshipped Cheibriados.
Cheibriados was exalted by your worship.
You were very full.

You visited 2 branches of the dungeon, and saw 16 of its levels.
You also visited: Labyrinth.

You collected 880 gold pieces.
You spent 640 gold pieces at shops.

Inventory:

Hand Weapons
 a - a +2 war axe of electrocution (weapon)
 b - a +0 longbow
Missiles
 m - 16 poisoned arrows
 o - 401 arrows
 v - an arrow of frost
 K - 14 arrows of flame
Armour
 i - the +2 ring mail of Raiviohu (worn) {+Inv rC+ Int-4 Dex+2}
   (You bought it in a shop on level 13 of the Dungeon)

   It affects your intelligence (-4).
   It affects your dexterity (+2).
   It protects you from cold.
   It lets you turn invisible.
 j - the +2 hat of Wrong Decisions (worn) {rElec MR+++ Str-4 Int+2}
   (You found it on level 11 of the Dungeon)

   It affects your strength (-4).
   It affects your intelligence (+2).
   It insulates you from electricity.
   It affects your resistance to hostile enchantments.
 P - a +2 cloak (worn)
Jewellery
 d - a +2 ring of evasion (right hand)
 x - an amulet of the gourmand (around neck)
 H - a +1 ring of protection (left hand)
Wands
 h - a wand of slowing (23)
 t - a wand of draining (0)
 y - a wand of polymorph (13)
 C - a wand of lightning (8)
 R - a wand of cold (0)
Scrolls
 f - 2 scrolls of teleportation
 k - 7 scrolls of remove curse
 n - 5 scrolls of fog
 w - 2 scrolls of amnesia
 B - 2 scrolls of enchant armour
 G - 2 scrolls of magic mapping
 J - a scroll of brand weapon
 L - 3 scrolls of identify
Potions
 c - 2 potions of magic
 p - a potion of cure mutation
 A - 3 potions of flight
 I - a potion of agility
 Q - 2 potions of brilliance
Books
 F - a book of Maledictions

   Spells                             Type                      Level
   a - Corona                         Hexes                        1
   b - Ensorcelled Hibernation        Hexes/Ice                    2
   c - Confuse                        Hexes                        3
   d - Tukima's Dance                 Hexes                        3
   e - Dazzling Spray                 Conjuration/Hexes            3
Miscellaneous
 q - a box of beasts
Comestibles
 e - 19 bread rations
 g - 17 fruits
 l - 4 slices of pizza
 r - a meat ration
 E - 8 beef jerkies


   Skills:
 - Level 4.2(2.2) Fighting
 * Level 15.2(12.5) Axes
 * Level 10.7(8.3) Bows
 - Level 1.7(0.0) Throwing
 + Level 5.6(3.5) Armour
 - Level 3.0(1.0) Dodging
 - Level 1.0(0.0) Spellcasting
 - Level 10.0(7.6) Invocations


You had 13 spell levels left.
You knew the following spells:

 Your Spells              Type           Power        Failure   Level  Hunger
a - Corona                Hex            ###....      2%          1    ##.....


Dungeon Overview and Level Annotations

Branches:
Dungeon (14/15)            Temple (0/1) D:7            Lair (2/8) D:11
    Orc (0/4) D:10         Vaults (0/5) D:14

Altars:
Cheibriados
Okawaru
Sif Muna
Vehumet
Xom

Shops:
D:8 (   D:13 [   D:14 ?


Innate Abilities, Weirdness & Mutations

You have a pair of antennae on your head.
You have a somewhat thin skeletal structure (Dex +2, Stealth).
You regenerate health from kills.
When hurt, damage is shared between your health and your magic reserves.
You regenerate magic rapidly.
You have sharp toenails.
You can translocate small distances at will.
You can breathe flames.
You possess an exceptional clarity of mind.
You are dopey. (Int -2)
You are somewhat resistant to further mutation.
Your muscles are strong. (Str +2)


Message History

You claw the minotaur, but do no damage.
The minotaur is lightly wounded.
The minotaur hits you with a mace of draining!!
You feel drained. The minotaur gores you!
You can feel time thicken for a moment.
You feel somewhat less full.
You don't have enough magic at the moment.
Drink which item? (? for menu, Esc to quit)
Okay, then.
You barely miss the minotaur.
The minotaur furiously retaliates!
The minotaur headbutts you, but does no damage.
You claw the minotaur, but do no damage.
The minotaur is heavily wounded.
The minotaur hits you with a mace of draining.
You feel drained. The minotaur closely misses you.
You slash the minotaur! Your kick misses the minotaur.
The minotaur is severely wounded.
The minotaur hits you with a mace of draining!!
* * * LOW HITPOINT WARNING * * *
You feel drained.
You die...

.#. .# . . .
# .# #.# . .
. .... ... .
.....### #
####
.###.#...!..
.# #...#.#
####.# # #..
#.# #.# ..
.#@# # # ###
#.#.#.H....#
# #..
########. ..
. . ...# #
.. # ### ###
.#.. . .# #
### #. ..


You could see a minotaur.

Vanquished Creatures
  3 centaur warriors (D:13)
  Erolcha (D:10)
  2 hydras
  2 dancing weapons (D:14)
  2 tengu warriors (D:14)
  Urug (D:10)
  Sonja (Lair:1)
  An unseen horror (D:13)
  A wizard (D:14)
  4 hill giants
  Pikel (D:5)
  An ugly thing (D:12)
  A wolf spider zombie (D:12)
  3 cyclopes
  A gargoyle (D:12)
  3 centaur skeletons (D:13)
  A spiny frog (Lair:1)
  2 efreet
  3 kobold demonologists
  A komodo dragon (Lair:1)
  2 tengu conjurers
  6 trolls
  3 two-headed ogres
  The ghost of bollicks1999 the Covert, an amateur OpAs (D:7)
  2 trapdoor spiders
  Sigmund (D:2)
  A tarantella (shapeshifter) (D:14)
  3 wyverns
  2 deep elf magi
  3 wraiths
  3 basilisks
  5 wolves (Lair:1)
  Menkaure (D:6)
  3 hippogriffs
  18 yaks
  Edmund (D:6)
  4 mottled dragons
  4 water moccasins (Lair:1)
  A black bear (D:12)
  2 wasps (D:14)
  6 orc warriors
  A porcupine (Lair:1)
  3 ice beasts
  A soldier ant (D:11)
  4 sky beasts
  An eye of draining (D:11)
  9 centaurs
  6 ogres
  4 crocodiles
  The ghost of Tobisume the Poker, an amateur DsGl of Xom (D:3)
  8 big kobolds
  3 gnoll sergeants (D:10)
  13 giant frogs
  2 scorpions
  A water moccasin skeleton (D:5)
  17 killer bees
  7 crimson imps
  2 electric eels (D:8)
  8 wights (D:13)
  2 centaur zombies (D:10)
  2 hounds
  5 iguanas
  6 orc priests
  4 giant frog skeletons
  Ijyb (D:2)
  7 jellies
  8 orc wizards
  A quasit (D:8)
  10 worker ants
  Robin (D:2)
  11 adders
  2 gnolls (D:5)
  7 shadow imps
  3 oozes
  An adder skeleton (D:4)
  6 worms
  4 giant geckos
  52 orcs
  13 goblins
  10 hobgoblins
  6 jackals
  29 kobolds
  A ball python (D:3)
  2 bats
  6 giant cockroaches
  5 giant newts
  4 quokkas
  2 quokka skeletons
  A quokka zombie (D:7)
  7 rats
417 creatures vanquished.

Vanquished Creatures (others)
  A slave (D:5)
  A killer bee (D:12)
  An iguana (D:5)
  An adder (D:5)
  A gnoll (D:5)
  A plant (Lair:1)
6 creatures vanquished.

Grand Total: 423 creatures vanquished

Notes
Turn   | Place    | Note
--------------------------------------------------------------
     0 | D:1      | sveltemanboy the Demonspawn Gladiator began the quest for the Orb.
     0 | D:1      | Reached XP level 1. HP: 16/16 MP: 1/1
   309 | D:1      | Reached skill level 3 in Axes
   384 | D:1      | Gained mutation: You regenerate a little health from kills. [demonic ancestry]
   384 | D:1      | Reached XP level 2. HP: 13/22 MP: 2/2
   515 | D:1      | Reached skill level 1 in Armour
   911 | D:2      | Noticed Robin
   915 | D:2      | Gained mutation: You regenerate health from kills. [demonic ancestry]
   915 | D:2      | Reached XP level 3. HP: 25/27 MP: 3/3
   920 | D:2      | Killed Robin
   936 | D:2      | Noticed Sigmund
   953 | D:2      | Reached skill level 10 in Axes
   953 | D:2      | Reached XP level 4. HP: 8/33 MP: 4/4
   958 | D:2      | HP: 1/49 [something/puff of flame (7)]
   962 | D:2      | Killed Sigmund
   962 | D:2      | Gained mutation: When hurt, damage is shared between your health and your magic reserves. [demonic ancestry]
   962 | D:2      | Reached XP level 5. HP: 3/38 MP: 5/5
  1245 | D:2      | Reached XP level 6. HP: 37/44 MP: 6/6
  1480 | D:2      | Noticed Ijyb
  1492 | D:2      | Killed Ijyb
  1907 | D:3      | Noticed Tobisume's ghost (amateur DsGl)
  1924 | D:3      | Killed Tobisume's ghost
  2400 | D:4      | Reached XP level 7. HP: 50/50 MP: 7/7
  2973 | D:5      | Entered Level 5 of the Dungeon
  3280 | D:5      | Noticed Pikel
  3311 | D:5      | Killed Pikel
  3311 | D:5      | Reached skill level 11 in Axes
  3311 | D:5      | Gained mutation: You have a pair of small antennae on your head. [demonic ancestry]
  3311 | D:5      | Reached XP level 8. HP: 35/58 MP: 8/8
  3350 | D:5      | Gained mutation: You are dopey. (Int -2) [mutagenic glow]
  3918 | D:6      | Noticed Edmund
  3933 | D:6      | Killed Edmund
  4131 | D:6      | Noticed Menkaure
  4144 | D:6      | Killed Menkaure
  4373 | D:7      | Reached skill level 1 in Bows
  4373 | D:7      | Gained mutation: You have a somewhat thin skeletal structure (Dex +2, Stealth). [demonic ancestry]
  4373 | D:7      | Reached XP level 9. HP: 34/65 MP: 3/9
  4433 | D:7      | Noticed bollicks1999's ghost (amateur OpAs)
  4549 | D:7      | Killed bollicks1999's ghost
  4675 | D:7      | Found a snail-covered altar of Cheibriados.
  4724 | D:7      | Became a worshipper of Cheibriados the Contemplative
  4838 | D:7      | Found a staircase to the Ecumenical Temple.
  5209 | D:7      | Found a snail-covered altar of Cheibriados.
  5350 | D:8      | Found a deep blue altar of Sif Muna.
  5386 | D:8      | Reached skill level 5 in Armour
  5450 | D:8      | Reached * piety under Cheibriados
  5508 | D:8      | Reached skill level 12 in Axes
  5626 | D:8      | Found an iron altar of Okawaru.
  5657 | D:8      | Reached skill level 1 in Invocations
  5714 | D:8      | Found Qentulus's Antique Weapon Shop.
  5718 | D:8      | Bought a glowing war axe for 91 gold pieces
  6013 | D:8      | Found a shimmering altar of Xom.
  6013 | D:8      | Found a radiant altar of Vehumet.
  6175 | D:9      | Found an iron altar of Okawaru.
  6464 | D:9      | Gained mutation: You have a pair of antennae on your head. [demonic ancestry]
  6464 | D:9      | Reached XP level 10. HP: 68/72 MP: 9/11
  7205 | D:9      | Gained mutation: You have sharp toenails. [potion of mutation]
  7205 | D:9      | Gained mutation: Your magical capacity is low (-10% MP). [potion of mutation]
  7205 | D:9      | Gained mutation: You can breathe flames. [potion of mutation]
  7206 | D:9      | Gained mutation: Your muscles are strong. (Str +2) [potion of beneficial mutation]
  7208 | D:10     | Entered Level 10 of the Dungeon
  7300 | D:10     | Reached ** piety under Cheibriados
  7329 | D:10     | Noticed Urug
  7346 | D:10     | Killed Urug
  7346 | D:10     | Reached skill level 5 in Bows
  7608 | D:10     | Gained mutation: You can translocate small distances at will. [mutagenic meat]
  7609 | D:10     | Lost mutation: Your magical capacity is low (-10% MP). [mutagenic meat]
  7610 | D:10     | Gained mutation: You possess an exceptional clarity of mind. [mutagenic meat]
  7611 | D:10     | Gained mutation: You are somewhat resistant to further mutation. [mutagenic meat]
  7631 | D:10     | Noticed Erolcha
  7637 | D:10     | Killed Erolcha
  7678 | D:10     | Reached skill level 5 in Invocations
  7898 | D:10     | Noticed a hill giant
  7906 | D:10     | Killed a hill giant
  7906 | D:10     | Reached XP level 11. HP: 32/77 MP: 5/15
  8115 | D:10     | Reached *** piety under Cheibriados
  8342 | D:10     | Reached skill level 13 in Axes
  8345 | D:10     | Found a staircase to the Orcish Mines.
  8784 | D:11     | Reached **** piety under Cheibriados
  8852 | D:11     | Found a staircase to the Lair.
  9359 | D:11     | Learned a level 1 spell: Corona
  9471 | D:11     | Got a distressingly furry hat
  9482 | D:11     | Identified the +2 hat of Wrong Decisions {rElec MR+++ Str-4 Int+2} (You found it on level 11 of the Dungeon)
  9642 | D:11     | Noticed a hill giant
  9655 | D:11     | Killed a hill giant
 10221 | D:12     | Reached ***** piety under Cheibriados
 11110 | D:13     | Found Gyleh's Antique Armour Emporium.
 11113 | D:13     | Bought a bloodstained ring mail for 261 gold pieces
 11123 | D:13     | Identified the +2 ring mail of Raiviohu {+Inv rC+ Int-4 Dex+2} (You bought it in a shop on level 13 of the Dungeon)
 11146 | D:13     | Reached XP level 12. HP: 53/83 MP: 10/18
 11348 | D:13     | Reached skill level 1 in Spellcasting
 11576 | D:13     | Noticed a centaur warrior
 11588 | D:13     | Killed a centaur warrior
 11588 | D:13     | Reached skill level 14 in Axes
 11591 | D:13     | Reached ****** piety under Cheibriados
 11617 | D:13     | Noticed a centaur warrior
 11627 | D:13     | Killed a centaur warrior
 11866 | D:13     | Noticed a centaur warrior
 11873 | D:13     | Killed a centaur warrior
 12192 | D:14     | Noticed a six-headed hydra
 12202 | D:14     | Killed a six-headed hydra
 12328 | D:14     | HP: 1/83 [hill giant/giant club (26)]
 12719 | D:14     | Reached skill level 10 in Bows
 12763 | D:14     | Found Ciator's Magic Scroll Shoppe.
 12774 | D:14     | Bought a scroll of identify for 24 gold pieces
 12774 | D:14     | Bought a scroll of identify for 24 gold pieces
 12774 | D:14     | Bought a scroll of brand weapon for 240 gold pieces
 12843 | D:14     | Found a gate to the Vaults.
 13101 | D:14     | Gained mutation: You regenerate magic rapidly. [demonic ancestry]
 13101 | D:14     | Reached XP level 13. HP: 72/88 MP: 16/20
 13193 | D:14     | Reached skill level 10 in Invocations
 13632 | Lair:1   | Entered Level 1 of the Lair of Beasts
 13677 | Lair:1   | Noticed Sonja
 13681 | Lair:1   | Reached skill level 15 in Axes
 13683 | Lair:1   | Killed Sonja
 14325 | Lair:2   | Found a labyrinth entrance.
 14352 | Lab      | Entered a labyrinth
 14465 | Lab      | HP: 2/88 [minotaur/mace of draining (25)]
 14465 | Lab      | Mangled by a minotaur

Action                   |  1- 3 |  4- 6 |  7- 9 | 10-12 | 13-15 || total
-------------------------+-------+-------+-------+-------+-------++-------
Melee: War axe           |    91 |   158 |   390 |   450 |    76 ||  1165
 Fire: Shortbow          |       |       |    63 |   239 |       ||   302
       Longbow           |       |       |       |    89 |    77 ||   166
Throw: Throwing net      |     3 |     1 |     9 |       |       ||    13
 Cast: Corona            |       |       |       |       |     1 ||     1
Invok: Slouch            |       |       |       |       |     2 ||     2
 Abil: Breathe Fire      |       |       |       |     1 |     1 ||     2
Evoke: Wand              |       |       |     5 |     5 |       ||    10
  Use: Potion            |     2 |       |       |     5 |     7 ||    14
       Scroll            |       |       |       |    22 |     1 ||    23
 Stab: Held in net/web   |       |       |     4 |       |       ||     4
       Sleeping          |       |       |       |     1 |       ||     1
  Eat: Chunk             |       |     5 |    11 |    31 |     3 ||    50
